 Dungeon Crawl Stone Soup version 0.20-a0-1122-gb7cbeb9 (webtiles) character file.

561 poirepourri the Chopper (level 7, -1/61 HPs)
             Began as a Minotaur Fighter on May 14, 2017.
             Succumbed to a gnoll's poison
             ... on level 4 of the Dungeon.
             The game lasted 00:04:04 (3659 turns).

poirepourri the Chopper (Minotaur Fighter)          Turns: 3659, Time: 00:04:05

Health: -1/61      AC: 14    Str: 22    XL:     7   Next: 9%
Magic:  6/6        EV:  9    Int:  5    God:
Gold:   116        SH: 10    Dex: 10    Spells: 6/6 levels left

rFire    + . .     SeeInvis .   a - +0 war axe
rCold    . . .     Gourm    .   c - +0 shield
rNeg     . . .     Faith    .   o - +4 scale mail {rF+}
rPois    .         Spirit   .   (helmet restricted)
rElec    .         Reflect  .   (no cloak)
rCorr    .         Harm     .   e - +1 pair of gloves
MR       .....                  r - +0 pair of boots
Stlth    ..........             (no amulet)
Regen    0.2/turn               (no ring)
MPRegen  0.1/turn               (no ring)

@: lethally poisoned (-1 -> -21), very slightly contaminated
A: retaliatory headbutt, horns 2
a: no special abilities


You were on level 4 of the Dungeon.
You were not hungry.

You visited 1 branch of the dungeon, and saw 4 of its levels.

You collected 116 gold pieces.

Inventory:

Hand Weapons
 a - a +0 war axe (weapon)
Armour
 c - a +0 shield (worn)
 e - a +1 pair of gloves (worn)
 o - a +4 scale mail of fire resistance (worn)
 r - a +0 pair of boots (worn)
Wands
 b - a wand of acid (8/15)
Scrolls
 d - a scroll of enchant weapon {unknown}
 j - a scroll of remove curse
 m - 2 scrolls of recharging
Potions
 k - 2 potions of haste
 n - 2 potions of cancellation
Comestibles
 f - a bread ration
 g - a royal jelly
 h - a meat ration
 i - 7 fruits


   Skills:
 + Level 5.2 Fighting
 + Level 6.1 Axes
 - Level 3.6 Armour
 + Level 2.5 Dodging
 * Level 6.1 Shields


You had 6 spell levels left.
You didn't know any spells.

Dungeon Overview and Level Annotations

Branches:
Dungeon (4/15)
 Temple: D:4-7

Altars:
Dithmenos


Innate Abilities, Weirdness & Mutations

You reflexively headbutt those who attack you in melee.
You have a pair of horns on your head.


Message History

Unknown command.
Okay, then.
Blink to where?
Press: ? - help, Dir - move target cursor You are very lightly contaminated with residual magic.
As you read the scroll of blinking, it crumbles to dust.
* * * LOW HITPOINT WARNING * * *
You feel very sick.
* * * LOW HITPOINT WARNING * * *
You feel sick.
* * * LOW HITPOINT WARNING * * *
You feel very sick.
* * * LOW HITPOINT WARNING * * *
You feel sick.
* * * LOW HITPOINT WARNING * * *
You feel very sick.
* * * LOW HITPOINT WARNING * * *
You feel sick.
There is a stone staircase leading up here.
You die...

,,,,*,,,...........<..#
,,,,*+***####*#...#*+****
,,,,,,,,,#..###...#,,,,.*
,,,,,,,,,#...#....#,,...*
,,,,,,,,,#...gg...#.....*
,,,,,...,#...#....#.....#
,,,,,....##'#######.....#
,,,,....................#
###*.........gg.@.......#
...#....................#
...#....................#
...+....................#
...#.....>..............#
...#.....#########......#
...#.....# #......#
...#.....# #..>...#
†..#.....# #.†....#


You could see 2 gnolls.

Vanquished Creatures
  A scorpion (D:4)
  A hound (D:4)
  A bullfrog skeleton (D:4)
  Jessica (D:2)
  2 orc wizards
  Ijyb (D:3)
  Terence (D:2)
  Natasha (twice) (D:2)
  An iguana (D:4)
  3 worker ants (D:4)
  Robin (D:3)
  3 adders
  2 gnolls (D:4)
  2 oozes
  3 worms (D:3)
  2 dart slugs
  4 leopard geckos
  5 orcs (D:3)
  A bat (D:1)
  4 giant cockroaches
  13 goblins
  16 hobgoblins
  3 jackals (D:2)
  11 kobolds
  A quokka (D:3)
  6 ball pythons
  4 frilled lizards
  A quokka skeleton (D:4)
  5 rats
101 creatures vanquished.

Notes
Turn   | Place    | Note
-------+----------+-------------------------------------------
     0 | D:1      | poirepourri the Minotaur Fighter began the quest for the Orb.
     0 | D:1      | Reached XP level 1. HP: 19/19 MP: 0/0
   105 | D:1      | Reached XP level 2. HP: 27/27 MP: 1/1
   508 | D:1      | Reached XP level 3. HP: 34/34 MP: 2/2
   885 | D:2      | Noticed Jessica
   897 | D:2      | Noticed Natasha
   904 | D:2      | Killed Jessica
   904 | D:2      | Reached XP level 4. HP: 40/41 MP: 3/3
   912 | D:2      | Killed Natasha
   956 | D:2      | Found a shadowy altar of Dithmenos.
  1063 | D:2      | Noticed Terence
  1077 | D:2      | Killed Terence
  1187 | D:2      | Noticed Natasha
  1200 | D:2      | Killed Natasha
  1200 | D:2      | Reached skill level 1 in Dodging
  1200 | D:2      | Reached XP level 5. HP: 28/47 MP: 4/4
  1865 | D:3      | Noticed Robin
  1877 | D:3      | Killed Robin
  1878 | D:3      | Reached skill level 5 in Fighting
  2223 | D:3      | Noticed Ijyb
  2230 | D:3      | Killed Ijyb
  2230 | D:3      | Reached skill level 5 in Shields
  2634 | D:3      | Reached skill level 5 in Axes
  2634 | D:3      | Reached XP level 6. HP: 54/56 MP: 5/5
  3644 | D:4      | Reached XP level 7. HP: 49/61 MP: 6/6
  3657 | D:4      | HP: 3/61 [poisoned by a gnoll]
  3658 | D:4      | HP: 1/61 [poisoned by a gnoll]
  3659 | D:4      | Succumbed to a gnoll's poison

Vault maps used:
D:1:      lightli_arrival_statuegarden, minmay_shallow_snake_nest
D:2:      grunt_dithmenos_smoke, uniq_natasha, uniq_terence, uniq_jessica
D:3:      uniq_ijyb, uniq_robin

Skill      XL: |  1  2  3  4  5  6 |
---------------+-------------------+-----
Fighting       | 4 5 |  5.2
Shields        | 4 5 6 |  6.1
Axes           | 3 4 5 6 |  6.1
Dodging        | 1 2 |  2.5
Armour         | |  3.6

Action                   |  1- 3 |  4- 6 |  7- 9 || total
-------------------------+-------+-------+-------++-------
Melee: War axe           |    57 |   175 |     4 ||   236
       Headbutt          |     3 |    25 |     1 ||    29
  Use: Scroll            |     3 |     9 |     1 ||    13
       Potion            |       |     1 |       ||     1
  Eat: Bread ration      |       |     2 |       ||     2
Armor: Scale mail        |    25 |   103 |     8 ||   136
Dodge: Dodged            |    23 |    58 |     2 ||    83
Block: Shield            |    39 |    99 |     2 ||   140
